 Dungeon Crawl Stone Soup version 0.23-a0-241-g3b46b07 (webtiles) character file.

207 galech the Shield-Bearer (level 5, -3/41 HPs)
             Began as a Demonspawn Fighter on Sept 26, 2018.
             Slain by a wraith (8 damage)
             ... in an ossuary.
             The game lasted 00:02:55 (1905 turns).

galech the Shield-Bearer (Demonspawn Fighter)       Turns: 1905, Time: 00:02:56

Health: -3/41      AC:  8    Str: 16    XL:     5   Next: 54%
Magic:  1/1        EV:  7    Int: 10    God:
Gold:   124        SH:  9    Dex: 13    Spells: 4/4 levels left

rFire    . . .     SeeInvis .   k - +2 hand axe (antimagic)
rCold    . . .     Gourm    .   c - +0 shield
rNeg     . . .     Faith    .   b - +0 scale mail
rPois    .         Spirit   .   (no helmet)
rElec    .         Reflect  .   (no cloak)
rCorr    .         Harm     .   h - +0 pair of gloves
MR       .....                  (no boots)
Stlth    ..........             e - amulet of regeneration
HPRegen  0.53/turn              (no ring)
MPRegen  0.07/turn              (no ring)

@: slowed, very slow
A: talons 2, powered by pain 1
a: no special abilities


You were in an ossuary.
You were hungry.

You visited 1 branch of the dungeon, and saw 4 of its levels.
You also visited: Ossuary.

You collected 124 gold pieces.

Inventory:

Hand Weapons
 a - a +0 war axe
 k - a +2 antimagic hand axe (weapon)
Armour
 b - a +0 scale mail (worn)
 c - a +0 shield (worn)
 h - a +0 pair of gloves (worn)
Jewellery
 e - an amulet of regeneration (around neck)
 m - an uncursed ring of ice
Scrolls
 g - 3 scrolls of immolation
 i - a scroll of identify
 l - 2 scrolls of remove curse
 n - a scroll of torment {unknown}
 p - 2 scrolls of amnesia
 r - a scroll of teleportation
 v - a scroll of blinking
Potions
 d - 3 potions of might
 j - a potion of mutation {unknown}
 o - a potion of ambrosia {unknown}
 q - a potion of agility {unknown}
 s - a potion of berserk rage {unknown}
 t - 4 potions of curing {unknown}
 w - a potion of cancellation {unknown}
Comestibles
 f - 4 rations
 u - 3 chunks of flesh


   Skills:
 + Level 3.6 Fighting
 + Level 3.4 Axes
 + Level 3.3 Armour
 + Level 1.0 Dodging
 + Level 0.3 Stealth
 + Level 3.6 Shields


You had 4 spell levels left.
You didn't know any spells.
Your spell library was empty.

Dungeon Overview and Level Annotations

Branches:
Dungeon (4/15)
 Temple: D:4-7

Altars:
Sif Muna


Innate Abilities, Weirdness & Mutations

You have razor-sharp toenails.
You sometimes gain a little power by taking damage.


Message History

You hit the wraith. You claw the wraith, but do no damage.
The wraith is almost destroyed.
You block the wraith's attack. The wraith hits you!
* * * LOW HITPOINT WARNING * * *
The wraith drains your vigour!
You feel as though you will be slow longer.
Your shield and scale mail prevent you from hitting the wraith.
You claw the wraith, but do no damage.
The wraith is almost destroyed.
You block the wraith's attack. The wraith closely misses you.
You hit the wraith.
The wraith is almost destroyed.
You block the wraith's attack. The wraith hits you but does no damage.
You hit the wraith but do no damage. You claw the wraith, but do no damage.
The wraith is almost destroyed.
The wraith closely misses you. You block the wraith's attack.
You hit the wraith but do no damage. You claw the wraith, but do no damage.
The wraith is almost destroyed.
The wraith hits you!
You die...

+#### .. ....##
..#####...##
.##...##...## .
##.?!?.##...# ..
#.?.!...W@..+
...##.!.?.##...#
#...##...##...##
. #...#####...##
... #.........##
....#####'#####.
.................
.................
########'''######


You could see a wraith.

Vanquished Creatures
  An orc wizard (D:3)
  Terence (D:2)
  An iguana (D:3)
  A hound skeleton (D:3)
  A mummy (Ossuary)
  2 adders
  3 gnolls (D:4)
  An ooze (D:1)
  2 dart slugs (D:1)
  A leopard gecko (D:1)
  2 orcs
  3 giant cockroaches
  3 goblins
  3 hobgoblins
  4 jackals (D:3)
  A ball python (D:1)
  11 bats
  3 frilled lizards
  4 kobold skeletons (Ossuary)
  5 orc skeletons (Ossuary)
  4 rats
57 creatures vanquished.

Notes
Turn   | Place    | Note
-------+----------+-------------------------------------------
     0 | D:1      | galech the Demonspawn Fighter began the quest for the Orb.
     0 | D:1      | Reached XP level 1. HP: 18/18 MP: 1/1
   204 | D:1      | Gained mutation: You have sharp toenails. [demonic
                  | ancestry]
   204 | D:1      | Reached XP level 2. HP: 24/24 MP: 2/2
   710 | D:2      | Noticed Terence
   727 | D:2      | Killed Terence
   727 | D:2      | Gained mutation: You sometimes gain a little power by
                  | taking damage. [demonic ancestry]
   727 | D:2      | Reached XP level 3. HP: 19/29 MP: 1/3
  1379 | D:3      | Reached XP level 4. HP: 35/35 MP: 1/4
  1440 | D:3      | Found a deep blue altar of Sif Muna.
  1629 | D:3      | Reached skill level 1 in Dodging
  1629 | D:3      | Gained mutation: You have razor-sharp toenails. [demonic
                  | ancestry]
  1629 | D:3      | Reached XP level 5. HP: 35/41 MP: 1/5
  1825 | D:4      | Found a sand-covered staircase.
  1831 | Ossuary  | Entered an ossuary
  1831 | Ossuary  | Noticed a wraith
  1831 | Ossuary  | Noticed a wraith
  1831 | Ossuary  | Noticed a wraith
  1878 | Ossuary  | Noticed a wraith
  1901 | Ossuary  | HP: 1/41 [wraith (7)]
  1905 | Ossuary  | Slain by a wraith

Vault maps used:
D:1:      minmay_arrival_split_and_join
D:2:      uniq_terence
D:3:      tgw_sif
D:4:      cheibriados_altar_1, nicolae_overflow_hidden_temple,
          nicolae_ossuary_entry_monument
Ossuary:  ossuary_due_mausoleum

Skill      XL: |  1  2  3  4 |
---------------+-------------+-----
Axes           | 2 3 |  3.4
Shields        | 3 |  3.6
Armour         | 3 |  3.3
Dodging        | 1 |  1.0
Fighting       | |  3.6
Stealth        | |  0.3

Action                   |  1- 3 |  4- 6 || total
-------------------------+-------+-------++-------
Melee: War axe           |    29 |       ||    29
       Hand axe          |    65 |    93 ||   158
       Kick              |    12 |    27 ||    39
  Use: Scroll            |       |     7 ||     7
  Eat: Chunk             |     1 |     2 ||     3
Armor: Scale mail        |    49 |    36 ||    85
Dodge: Dodged            |    29 |    29 ||    58
Block: Shield            |    48 |    44 ||    92

Table legend:
 A = Non-vault XP
 B = Vault XP
 C = Vault XP percentage of total XP
 D = Non-vault monster count
 E = Vault monster count
 F = Vault count percentage of total count
                 A         B        C        D         E       F
            +---------+---------+-------+---------+---------+-------
      Total |     194 |     103 |  34.7 |      45 |      12 |  21.1
            +---------+---------+-------+---------+---------+-------
        D:1 |      33 |       0 |   0.0 |      15 |       0 |   0.0
        D:2 |      22 |      36 |  62.1 |       7 |       1 |  12.5
        D:3 |      93 |      40 |  30.1 |      18 |       1 |   5.3
        D:4 |      46 |       0 |   0.0 |       5 |       0 |   0.0
    Ossuary |       0 |      27 | 100.0 |       0 |      10 | 100.0
            +---------+---------+-------+---------+---------+-------
